 Dungeon Crawl Stone Soup version 0.30.1-5-ged363bc7ee (webtiles) character file.

Game seed: 16620386672213934397

1604101 LordWeiramon the Bringer of Light (level 27, 273/273 HPs)
             Began as a White Draconian Fighter on Sept 19, 2023.
             Was the Champion of the Shining One.
             Escaped with the Orb
             ... and 3 runes on Sept 20, 2023!
             The game lasted 05:35:54 (80828 turns).

LordWeiramon the Bringer of Light (DrFi)           Turns: 80828, Time: 05:35:55

Health: 273/273    AC: 20    Str: 28    XL:     27
Magic:  40/40      EV: 32    Int:  7    God:    the Shining One [******]
Gold:   6003       SH: 37    Dex: 23    Spells: 26/26 levels left

rFire   + + .        a - +9 sacred scourge (holy)
rCold   + + +        I - +8 tower shield
rNeg    + + +        (body armour unavailable)
rPois   +            Z - +2 hat
rElec   +            E - scarf {rC+ rF+}
rCorr   .            N - +1 pair of gloves "Xaablog" {rPois rC+ Will+}
SInv    +            A - +2 pair of boots {Stlth+}
Will    ++++.        O - amulet of reflection
Stlth   +            o - ring "Erghiosma" {rElec rF+ rC- rN+ SInv}
HPRegen 0.65/turn    z - ring "Ykore" {Contam rPois Will+ Str+6 Dex+2}
MPRegen 0.27/turn

%: reflection
@: glowing, studying Axes
A: breathe frost, AC +13, unfitting armour, cold resistance 2, cold-blooded,
horns 2, dopey 1, no potion heal 1, inability to drink after injury 1
0: Orb of Zot
}: 3/15 runes: decaying, silver, gossamer
a: Breathe Frost, Renounce Religion, Divine Shield, Cleansing Flame, Summon
Divine Warrior


You escaped.
You worshipped the Shining One.
The Shining One was exalted by your worship.
You visited 10 branches of the dungeon, and saw 50 of its levels.
You visited 2 bazaars.
You also visited: Trove, Gauntlet and Ice Cave.

You collected 10004 gold pieces.
You spent 4001 gold pieces at shops.

Inventory:

Hand Weapons
 a - a +9 sacred scourge of holy wrath (weapon)
 b - a +9 heavy eveningstar
Missiles
 p - 6 throwing nets (quivered)
Armour
 A - a +2 pair of boots of stealth (worn)
 E - a scarf of resistance (worn)
 I - a +8 tower shield (worn)
 N - the +1 pair of gloves "Xaablog" (worn) {rPois rC+ Will+}
   (You found it in a Gauntlet)

   rC:        It protects you from cold.
   rPois:     It protects you from poison.
   Will:      It increases your willpower.
 S - a +2 cloak of cold resistance
 X - the scarf of Kikubaaqudgha {shadows, rElec rPois}
   (You found it on level 4 of the Spider Nest)

   rElec:     It insulates you from electricity.
   rPois:     It protects you from poison.
 Z - a +2 hat (worn)
Jewellery
 n - a ring of resist corrosion
 o - the ring "Erghiosma" (left hand) {rElec rF+ rC- rN+ SInv}
   (You took it off a deep elf death mage on level 3 of the Elven Halls)

   [ring of see invisible]

   rF:        It protects you from fire.
   rC:        It makes you vulnerable to cold.
   rElec:     It insulates you from electricity.
   rN:        It protects you from negative energy.
   SInv:      It lets you see invisible.
 w - a ring of flight
 z - the ring "Ykore" (right hand) {Contam rPois Will+ Str+6 Dex+2}
   (You took it off an orc on level 5 of the Dungeon)

   [ring of strength]

   Str:       It affects your strength (+6).
   Dex:       It affects your dexterity (+2).
   rPois:     It protects you from poison.
   Contam:    It causes magical contamination when unequipped.
   Will:      It increases your willpower.
 O - an amulet of reflection (around neck)
 Y - a ring of protection from fire
Wands
 e - a wand of mindburst (11)
 g - a wand of digging (3)
 y - a wand of iceblast (50)
 B - a wand of paralysis (44)
 F - a wand of polymorph (48)
 G - a wand of acid (19)
 L - a wand of flame (137)
Scrolls
 d - 32 scrolls of teleportation
 h - 12 scrolls of poison
 i - a scroll of silence
 k - 11 scrolls of magic mapping
 m - 3 scrolls of blinking
 C - 11 scrolls of fog
 D - 5 scrolls of enchant armour
 J - 11 scrolls of fear
 K - 5 scrolls of enchant weapon
 R - 3 scrolls of summoning
Potions
 c - 3 potions of might
 j - 4 potions of resistance
 l - 12 potions of curing
 r - 3 potions of haste
 s - 6 potions of magic
 t - 8 potions of cancellation
 u - 9 potions of attraction
 v - 5 potions of mutation
 x - 6 potions of ambrosia
 P - 13 potions of brilliance
 Q - 9 potions of heal wounds
 U - 6 potions of flight
 W - 5 potions of berserk rage
Miscellaneous
 f - a box of beasts
 q - a phantom mirror
 M - a condenser vane
 T - a lightning rod (4/4)
 V - a phial of floods


   Skills:
 O Level 27 Fighting
 - Level 22.0 Maces & Flails
 + Level 23.8 Dodging
 - Level 20.0 Shields
 O Level 27 Invocations
 - Level 14.0 Evocations


You had 26 spell levels left.
You didn't know any spells.
Your spell library contained the following spells:

 Spells                   Type           Power      Damage    Failure   Level
 Apportation              Tloc           0%         N/A       58%         1
 Beastly Appendage        Tmut           0%         N/A       58%         1
 Freeze                   Ice            0%         1d3       58%         1
 Kiss of Death            Conj/Necr      0%         2d5       58%         1
 Magic Dart               Conj           0%         1d3       58%         1
 Sandblast                Erth           0%         2d4       58%         1
 Shock                    Conj/Air       0%         1d3       58%         1
 Slow                     Hex            0%         N/A       58%         1
 Sting                    Tmut/Pois      0%         1d3       58%         1
 Summon Small Mammal      Summ           0%         N/A       58%         1
 Blink                    Tloc           0%         N/A       73%         2
 Call Imp                 Summ           0%         N/A       73%         2
 Cigotuvi's Dreadful Rot  Necr/Pois/Air  0%         N/A       73%         2
 Ensorcelled Hibernation  Hex/Ice        0%         N/A       73%         2
 Lesser Beckoning         Tloc           0%         N/A       73%         2
 Momentum Strike          Conj/Tloc      0%         3d8       73%         2
 Passwall                 Tmut/Erth      0%         N/A       73%         2
 Poisonous Vapours        Pois/Air       0%         N/A       73%         2
 Scorch                   Fire           0%         2d5       73%         2
 Static Discharge         Conj/Air       0%         2-2/arc   73%         2
 Sublimation of Blood     Necr           0%         N/A       73%         2
 Wereblood                Tmut           0%         N/A       73%         2
 Call Canine Familiar     Summ           0%         N/A       91%         3
 Confusing Touch          Hex            0%         N/A       91%         3
 Dazzling Flash           Conj/Hex       0%         N/A       91%         3
 Frozen Ramparts          Ice            0%         1d1       91%         3
 Gell's Gravitas          Tloc           0%         N/A       91%         3
 Hailstorm                Conj/Ice       0%         3d3       91%         3
 Ignite Poison            Fire/Tmut/Pois 0%         N/A       91%         3
 Inner Flame              Hex/Fire       0%         N/A       91%         3
 Mephitic Cloud           Conj/Pois/Air  0%         N/A       91%         3
 Portal Projectile        Hex/Tloc       0%         N/A       91%         3
 Spider Form              Tmut/Pois      0%         N/A       91%         3
 Stone Arrow              Conj/Erth      0%         3d7       91%         3
 Summon Guardian Golem    Hex/Summ       0%         N/A       91%         3
 Swiftness                Air            0%         N/A       91%         3
 Teleport Other           Tloc           0%         N/A       91%         3
 Tukima's Dance           Hex            0%         N/A       91%         3
 Vhi's Electric Charge    Tloc/Air       0%         N/A       91%         3
 Volatile Blastmotes      Fire/Tloc      0%         2d10      91%         3
 Airstrike                Air            0%         2d(0-16)  100%        4
 Anguish                  Hex/Necr       0%         N/A       100%        4
 Cause Fear               Hex            0%         N/A       100%        4
 Dispel Undead            Necr           0%         3d6       100%        4
 Flame Wave               Conj/Fire      0%         2d4       100%        4
 Ice Form                 Ice/Tmut       0%         N/A       100%        4
 Iskenderun's Mystic Bla  Conj/Tloc      0%         2d3       100%        4
 Leda's Liquefaction      Hex/Erth       0%         N/A       100%        4
 Olgreb's Toxic Radiance  Pois           0%         N/A       100%        4
 Passage of Golubria      Tloc           0%         N/A       100%        4
 Sticky Flame             Conj/Fire      0%         2d3       100%        4
 Summon Ice Beast         Ice/Summ       0%         N/A       100%        4
 Summon Lightning Spire   Summ/Air       0%         N/A       100%        4
 Alistair's Intoxication  Tmut/Pois      0%         N/A       100%        5
 Arcjolt                  Conj/Air       0%         1d10      100%        5
 Blade Hands              Tmut           0%         N/A       100%        5
 Borgnjor's Vile Clutch   Necr/Erth      0%         N/A       100%        5
 Fireball                 Conj/Fire      0%         3d3       100%        5
 Freezing Cloud           Conj/Ice/Air   0%         6-21      100%        5
 Irradiate                Conj/Tmut      0%         3d11      100%        5
 Iskenderun's Battlesphe  Conj           0%         2d6       100%        5
 Lee's Rapid Deconstruct  Erth           0%         3d4*      100%        5
 Silence                  Hex/Air        0%         N/A       100%        5
 Summon Forest            Summ/Tloc      0%         N/A       100%        5
 Summon Mana Viper        Hex/Summ       0%         N/A       100%        5
 Yara's Violent Unravell  Hex/Tmut       0%         3d3       100%        5
 Conjure Ball Lightning   Conj/Air       0%         3x3d6     100%        6
 Dispersal                Tloc           0%         N/A       100%        6
 Eringya's Noxious Bog    Tmut/Pois      0%         N/A       100%        6
 Iron Shot                Conj/Erth      0%         9d1       100%        6
 Plasma Beam              Fire/Air       0%         2x1d11    100%        6
 Simulacrum               Ice/Necr       0%         N/A       100%        6
 Starburst                Conj/Fire      0%         6d3       100%        6
 Statue Form              Tmut/Erth      0%         N/A       100%        6
 Summon Cactus Giant      Summ           0%         N/A       100%        6
 Dragon Form              Tmut           0%         N/A       100%        7
 Enfeeble                 Hex            0%         N/A       100%        7
 Malign Gateway           Summ/Tloc      0%         N/A       100%        7
 Orb of Destruction       Conj           0%         9d5       100%        7
 Spellforged Servitor     Conj/Summ      0%         N/A       100%        7
 Storm Form               Tmut/Air       0%         N/A       100%        7
 Summon Hydra             Summ           0%         N/A       100%        7
 Ignition                 Fire           0%         3d3       100%        8
 Lehudib's Crystal Spear  Conj/Erth      0%         10d2      100%        8
 Maxwell's Capacitive Co  Air            0%         ∞         100%        8
 Dragon's Call            Summ           0%         N/A       100%        9
 Fire Storm               Conj/Fire      0%         5d1       100%        9
 Polar Vortex             Ice            0%         N/A       100%        9
 Animate Armour           Summ/Erth      Unusable   N/A       N/A         4

Dungeon Overview and Level Annotations

Branches:
Dungeon (15/15)            Temple (0/1) D:5            Lair (5/5) D:9
  Swamp (4/4) Lair:2       Spider (4/4) Lair:3        Slime (0/5) Lair:5
    Orc (2/2) D:10            Elf (3/3) Orc:2        Vaults (5/5) D:14
  Crypt (3/3) Vaults:3       Tomb (0/3) Crypt:3      Depths (4/4) D:15
    Zot (5/5) Depths:4      IceCv (visited)         Gauntlet (visited)

Altars:
Dithmenos
Fedhas
Gozag
Makhleb
Okawaru
Sif Muna
Trog
Uskayaw
Wu Jian
Yredelemnul
The Shining One
Jiyva

Shops:
Orc:1 *   Orc:2 *[?*   Elf:3 !   Vaults:1 =   Vaults:3 *   Depths:1 [((
Depths:4 =:(

Portals:
Hell: Depths:1 Depths:2 Depths:3 Depths:4
Abyss: Depths:3 Depths:4
Pandemonium: Depths:1 Depths:2
Ziggurat: Depths:4


Innate Abilities, Weirdness & Mutations

You can breathe waves of freezing cold which knock back foes.
Your icy white scales are hard. (AC +13)
You cannot fit into any form of body armour.
Your flesh is very cold resistant. (rC++)
You are cold-blooded and may be slowed by cold attacks.
You have a pair of horns on your head.
You are dopey. (Int -2)
Potions are less effective at restoring your health.
You occasionally lose the ability to drink potions when taking damage.


Message History

There is a stone staircase leading down, spattered with blood here.
Things that are here:
a +0 robe; a +0 short sword
There is a stone staircase leading up here.
You climb upwards.
There is a stone staircase leading down here.
There is a stone staircase leading up here.
You climb upwards.
There is a stone staircase leading down here.
A shadow demon comes into view.
The shadow demon gestures.
You block the shadow demon's attack.
There is a stone staircase leading up here.
You whack the shadow demon!
The shadow demon convulses!
You headbutt the shadow demon!
The shadow demon is heavily wounded.
You block the adder's attack.
You thrash the shadow demon!!
The shadow demon convulses!
You kill the shadow demon!
The Shining One accepts your kill.
The ice beast dissolves into shadows!
The adder dissolves into shadows!
(D) Dungeon (T) Temple (L) Lair (S) Swamp (N) Spider Nest (M) Slime Pits (O) Orcish Mines (E) Elven Halls (V) Vaults (C) Crypt (W) Tomb (U) Depths (H) Hell (Z) Zot
Where to? (Enter - D:1, ? - help)
You climb upwards.
There is a stone staircase leading down here.
There is a stone staircase leading up here.
You climb upwards.
There is a stone staircase leading down here.
A sun demon comes into view.
You see here a +0 leather armour.
There is a stone staircase leading up here.
You climb upwards.
There is a stone staircase leading down here.
The snapping turtle hisses angrily.
The anaconda hisses angrily.
The swamp drake roars!
There is a staircase leading out of the dungeon here.
You have escaped!

########### #@........###
##########....#
###.............# ####
#...............# ...#
#.8..#######..8.# ...#
#....#whktS#....#
...#########.8..#######..8.#
.......[...#...............#
#'########.###.8.......8.###


There were no monsters in sight!

Vanquished Creatures
  6 ancient liches
  9 dread liches
  6 orbs of fire
  A juggernaut (Depths:4)
  Josephina (Zot:4)
  Vv (Crypt:2)
  9 Killer Klowns
  Frederick (Crypt:2)
  Margery (Vaults:4)
  3 curse toes
  4 caustic shrikes
  8 golden dragons
  Jory (Vaults:2)
  Nikola (Swamp:2)
  A pandemonium lord (Depths:2)
  A bone dragon (Depths:4)
  The ghost of turdburglar the Unseen, a veteran VSFi of Dithmenos (Depths:2)
  3 electric golems
  28 Orb Guardians
  12 tentacled monstrosities
  8 liches
  Rupert (D:12)
  A walking earthen tome (Depths:3)
  A deep elf blademaster (Elf:2)
  The ghost of Zeor the Phalangite, an adept MiBe of Trog (Elf:3)
  9 quicksilver dragons
  2 titans (Vaults:5)
  6 sphinxes
  A deep elf master archer (Elf:3)
  11 death cobs
  5 ancient champions
  8 tengu reavers
  10 shadow dragons
  16 storm dragons
  2 draconian monks
  6 draconian knights
  5 emperor scorpions
  2 revenants
  8 fire giants
  A caustic shrike zombie (Crypt:3)
  4 draconian shifters
  2 juggernaut zombies
  7 deep elf sorcerers
  4 iron dragons
  9 frost giants
  27 vault wardens
  4 ghost moths
  A spriggan defender (Depths:2)
  14 draconian stormcallers
  7 draconian scorchers
  4 deep elf elementalists (Elf:3)
  6 ghouls
  Louise (Depths:4)
  A reaper (Depths:2)
  The ghost of Rem the Black Belt, a journeyman OpTm of Gozag (D:13)
  3 curse skulls
  21 stone giants
  A juggernaut skeleton (Crypt:1)
  18 ironbound preservers
  A war gargoyle (Vaults:3)
  5 draconian annihilators
  19 very ugly things
  2 broodmothers
  11 black draconians
  6 ironbound thunderhulks
  5 deep elf demonologists
  Nessos (Orc:2)
  2 eleionomae
  23 vampire knights
  A bunyip (shapeshifter) (Vaults:5)
  9 green draconians
  2 minotaurs
  3 white draconians (Zot:1)
  3 deep elf annihilators
  11 dire elephants
  A rockslime zombie (Crypt:2)
  7 red draconians
  10 spark wasps
  2 bunyips
  16 purple draconians
  2 yellow draconians
  13 deep elf death magi
  An ettin (shapeshifter) (Depths:3)
  9 ettins
  A crystal guardian (Vaults:3)
  17 yaktaur captains
  6 eidola
  2 spectral elves (Elf:1)
  7 fire dragons
  2 shambling mangroves (Swamp:3)
  A mummy priest (Crypt:3)
  9 deep elf high priests
  An entropy weaver (Spider:3)
  The ghost of Kiedyfinla the Imperceptible, a journeyman SpEn of Dithmenos (D:15)
  A merfolk impaler (Depths:1)
  6 great orbs of eyes
  16 jiangshi
  13 ice dragons
  2 fenstrider witch zombies
  Erolcha (D:13)
  6 rakshasas
  26 vault guards
  A hell beast (Depths:2)
  Harold (Lair:2)
  5 spriggan air magi
  2 spriggan zombies (Crypt:3)
  12 hydras
  A radroach (shapeshifter) (Depths:3)
  3 spriggan skeletons
  The ghost of GrumpyGrim72 the Destroyer, a journeyman DrCj of Sif Muna (Lair:1)
  7 ironbound frosthearts
  Erica (Lair:2)
  7 alligators
  4 death knights
  9 boulder beetles
  5 ogre magi
  3 peacekeepers
  12 centaur warriors
  16 two-headed ogres
  11 deep troll earth magi
  An alligator (shapeshifter) (Depths:3)
  9 death yaks
  10 deep troll shamans
  42 dancing weapons
  7 spriggan berserkers
  4 tengu warriors
  A hell hog (Depths:2)
  17 vampire magi
  9 soul eaters
  2 skysharks (Lair:4)
  A titan zombie (Crypt:3)
  A fire crab (shapeshifter) (Depths:3)
  13 hell knights
  13 deep elf knights
  A shadow wraith (Crypt:3)
  The ghost of Arunde the Shield-Bearer, a novice HOFi of Makhleb (D:7)
  6 pharaoh ants
  A death drake (shapeshifter) (Depths:3)
  2 death drakes (Zot:3)
  2 sun moths
  13 iron trolls
  3 storm dragon skeletons
  49 skeletal warriors
  6 goliath frogs
  2 glowing orange brains
  A glowing orange brain (shapeshifter) (Vaults:5)
  Lodul (D:12)
  62 deep trolls
  An anaconda zombie (Crypt:3)
  2 shadow demons
  13 orb spiders
  6 deep elf archers
  A swamp dragon (shapeshifter) (Vaults:5)
  7 flayed ghosts
  3 spriggan druids
  An orange crystal statue (Elf:1)
  4 wizards
  9 lindwurms
  Pikel (D:7)
  11 bog bodies
  An obsidian statue (Elf:1)
  32 phantasmal warriors
  15 ironbound convokers
  A golden dragon skeleton (Vaults:3)
  The ghost of kaesle the Cleaver, a novice HORe of Wu Jian (D:6)
  21 deep elf zephyrmancers
  A goliath frog zombie (Crypt:2)
  An anaconda skeleton (Crypt:1)
  21 deep elf pyromancers
  A wolf spider zombie (Crypt:2)
  An orc knight (D:14)
  3 steelbarb worms
  18 necromancers
  3 tengu skeletons (Vaults:3)
  42 ugly things
  A manticore (D:9)
  16 wolf spiders
  A fire giant zombie (Depths:1)
  A shining eye (Depths:4)
  2 shadow dragon skeletons
  An orc sorcerer (Orc:1)
  3 will-o-the-wisps (Swamp:1)
  A frost giant zombie (Depths:1)
  A faun (shapeshifter) (Depths:3)
  11 cyclopes
  21 moths of wrath
  7 elephants
  A stone giant zombie (Crypt:3)
  A dire elephant zombie (Crypt:3)
  A guardian serpent (shapeshifter) (Depths:3)
  Maurice (Orc:1)
  5 centaur zombies
  A stone giant skeleton (Vaults:3)
  18 vault sentinels
  2 black mambas
  5 demonic crawlers
  An ice statue (IceCv)
  2 eyes of devastation (Depths:4)
  An alligator snapping turtle zombie (Crypt:3)
  7 cane toads
  A storm dragon simulacrum (Zot:4)
  A shock serpent skeleton (Crypt:2)
  A yellow draconian zombie (Crypt:1)
  A dire elephant skeleton (Crypt:1)
  2 centaur skeletons (Crypt:1)
  A hellion (Depths:2)
  An orange demon (Zot:1)
  2 gargoyles (D:13)
  4 torpor snails
  A minotaur zombie (Crypt:3)
  4 unseen horrors (Crypt:2)
  3 kobold demonologists
  10 freezing wraiths
  29 yaktaurs
  2 anaconda simulacra (IceCv)
  2 tengu conjurers
  An efreet (D:15)
  3 komodo dragons (shapeshifter)
  A rime drake (shapeshifter) (Vaults:5)
  5 ice devils
  3 human skeletons (Vaults:3)
  11 komodo dragons
  A ghost moth simulacrum (Zot:4)
  A rime drake (Lair:2)
  An elf skeleton (Vaults:3)
  A spark wasp simulacrum (Depths:1)
  A harpy zombie (Crypt:2)
  A steelbarb worm zombie (Crypt:2)
  2 queen bees
  7 guardian mummies
  A queen bee (shapeshifter) (D:14)
  A troll (shapeshifter) (Depths:3)
  A yaktaur skeleton (Vaults:3)
  A meliai (D:14)
  5 polar bears
  A meliai (shapeshifter) (Depths:3)
  A wind drake (shapeshifter) (Depths:3)
  19 hornets
  A sea snake skeleton (Crypt:1)
  7 tyrant leeches
  2 harpy skeletons (Crypt:1)
  A mana viper skeleton (Crypt:3)
  15 trolls
  A dream sheep (Lair:5)
  A culicivora zombie (Crypt:1)
  51 blink frogs
  24 tarantellas
  A merfolk zombie (Crypt:1)
  An ice dragon zombie (Crypt:1)
  A draconian simulacrum (Zot:4)
  An ettin zombie (Crypt:2)
  9 flying skulls
  A slime creature (shapeshifter) (Depths:3)
  Sigmund (D:5)
  3 centaur simulacra (D:15)
  31 jumping spiders
  26 slime creatures
  10 culicivoras
  2 deep troll skeletons
  3 vampires
  2 ettin skeletons
  29 spriggans
  4 wyverns
  18 wraiths
  A shadow (D:10)
  2 dire elephant simulacra (IceCv)
  A wyvern (shapeshifter) (D:12)
  Eustachio (D:4)
  17 water elementals
  4 basilisks
  A black mamba skeleton (Crypt:1)
  4 swamp worm simulacra (Swamp:4)
  46 yaks
  5 fire elementals
  A chaos spawn (Gauntlet)
  50 redbacks
  A neqoxec (Gauntlet)
  11 vampire mosquitoes
  2 redbacks (shapeshifter)
  A steam dragon (D:8)
  4 wargs
  A red draconian simulacrum (Zot:4)
  A harpy simulacrum (Crypt:2)
  12 swamp worms
  2 acid dragons
  2 acid dragons (shapeshifter)
  19 hydra simulacra
  22 water moccasins
  21 orc warriors
  2 swamp drakes
  2 ice beasts
  A meliai simulacrum (D:14)
  8 black bears
  37 ogres
  14 centaurs
  7 boggarts
  23 wolves
  A torpor snail zombie (Crypt:3)
  4 kobold brigands
  3 lemures (D:7)
  4 earth elementals
  A rime drake skeleton (Crypt:3)
  12 bullfrogs
  6 necrophages
  A gnoll sergeant (D:8)
  A draconian skeleton (Crypt:1)
  4 cane toad simulacra (IceCv)
  2 scorpions
  4 two-headed ogre simulacra (IceCv)
  17 wights
  34 killer bees
  8 electric eels
  2 howler monkeys
  2 wolf skeletons
  20 orc priests
  5 jellies
  A black bear skeleton (Crypt:3)
  A gnoll bouda (D:8)
  8 hounds
  A boggart zombie (Crypt:3)
  23 orc wizards
  A sleepcap (D:7)
  2 hell rats (D:9)
  7 iguanas
  2 wolf simulacra (IceCv)
  9 troll simulacra (IceCv)
  2 polar bear simulacra (IceCv)
  5 spriggan simulacra (IceCv)
  6 naga zombies
  An acid dragon skeleton (Crypt:1)
  A naga skeleton (Crypt:3)
  3 mummies (Crypt:3)
  2 howler monkey zombies (D:4)
  16 gnolls
  7 naga simulacra
  10 adders
  2 river rats (D:9)
  5 shadow imps
  A swamp drake skeleton (Crypt:2)
  7 white imps
  7 ufetubi
  4 swamp drake simulacra (Swamp:4)
  A worm (D:2)
  3 dart slugs
  94 orcs
  9 bats
  A bat zombie (Crypt:1)
  8 endoplasms
  2 giant cockroaches
  6 goblins
  5 hobgoblins
  9 jackals
  14 kobolds
  4 quokkas
  7 ball pythons
  4 frilled lizards
  A frilled lizard skeleton (Crypt:3)
  A gnoll skeleton (Crypt:1)
  A hobgoblin skeleton (Crypt:1)
  8 rats
2483 creatures vanquished.

Vanquished Creatures (collateral kills)
  A curse toe (Zot:3)
  A lich (Crypt:2)
  2 tentacled monstrosities
  2 deep elf blademasters (Elf:3)
  An ancient champion (Crypt:2)
  A storm dragon (Zot:3)
  3 tengu reavers
  A revenant (Crypt:2)
  A fenstrider witch (Swamp:4)
  Donald (Swamp:4)
  3 emperor scorpions
  2 deep elf sorcerers (Elf:3)
  3 ghost moths
  A draconian scorcher (Zot:2)
  A fire giant (D:15)
  3 ironbound preservers
  A draconian shifter (Zot:1)
  A broodmother (Spider:4)
  3 very ugly things
  An eleionoma (Swamp:2)
  2 green draconians (Zot:1)
  An ironbound thunderhulk (Vaults:2)
  3 deep elf annihilators
  A black draconian (Zot:1)
  2 white draconians
  A dire elephant (Vaults:2)
  The ghost of Wiggles the Severer, a journeyman MiBe of Trog (Lair:2)
  A deep elf death mage (Elf:3)
  An eidolon (Crypt:3)
  A fire dragon (D:14)
  An entropy weaver (Vaults:2)
  A yaktaur captain (Vaults:1)
  A great orb of eyes (Vaults:2)
  A hydra (Swamp:2)
  A spriggan air mage (Swamp:4)
  5 centaur warriors
  2 ironbound frosthearts
  A boulder beetle (Vaults:1)
  A dancing weapon (Elf:1)
  An alligator (Swamp:2)
  A vampire mage (Crypt:2)
  6 hell knights (Vaults:4)
  A deep elf knight (Elf:1)
  3 skeletal warriors (D:13)
  3 spriggan druids
  3 orb spiders (Spider:4)
  A deep elf archer (Elf:1)
  16 deep trolls
  2 wizards (Vaults:1)
  3 lindwurms (Vaults:1)
  2 ironbound convokers (Vaults:1)
  2 wolf spiders (Spider:4)
  An ugly thing (Vaults:1)
  An eleionoma zombie (Crypt:3)
  3 deep elf zephyrmancers
  4 deep elf pyromancers (Elf:1)
  A cyclops (D:14)
  A manticore (D:14)
  A moth of wrath (Zot:2)
  A torpor snail (Spider:4)
  3 demonic crawlers
  2 freezing wraiths
  3 yaktaurs (Vaults:1)
  A tyrant leech (Swamp:2)
  A tarantella (Spider:4)
  3 hornets (Swamp:2)
  3 slime creatures
  4 culicivoras
  4 spriggans
  10 redbacks
  3 swamp worms
  A swamp drake (Swamp:2)
  A boggart (D:15)
  An electric eel (D:14)
  A human skeleton (Crypt:3)
  A spectral weapon (Swamp:4)
160 creatures vanquished.

Vanquished Creatures (others)
  A fire giant (Depths:4)
  A bloated husk (Swamp:3)
  A tarantella (Spider:1)
  A centaur simulacrum (D:15)
  An orc (Orc:2)
  22 foxfires (Swamp:1)
  2 lost souls (Elf:1)
29 creatures vanquished.

Grand Total: 2672 creatures vanquished

Notes
Turn   | Place    | Note
-------+----------+-------------------------------------------
     0 | D:1      | LordWeiramon the Draconian Fighter began the quest for the
                  | Orb.
     0 | D:1      | Reached XP level 1. HP: 19/19 MP: 1/1
     6 | D:1      | Noticed a snapping turtle
     6 | D:1      | Noticed an anaconda
     6 | D:1      | Noticed a swamp drake
     7 | D:1      | Noticed a polar bear
   301 | D:2      | Reached XP level 2. HP: 27/27 MP: 2/2
   683 | D:1      | Found a faded altar of an unknown god.
   703 | D:1      | Reached XP level 3. HP: 33/33 MP: 3/3
  1251 | D:2      | Reached XP level 4. HP: 40/40 MP: 4/4
  1524 | D:2      | Found a shadowy altar of Dithmenos.
  1752 | D:3      | Reached XP level 5. HP: 46/46 MP: 5/5
  1973 | D:3      | Reached skill level 5 in Maces & Flails
  2313 | D:4      | Found an ornate altar of the Wu Jian Council.
  2390 | D:4      | Reached skill level 5 in Fighting
  2642 | D:4      | Noticed Eustachio
  2679 | D:4      | Reached XP level 6. HP: 52/56 MP: 6/6
  2923 | D:4      | Found a basalt altar of Yredelemnul.
  3082 | D:5      | Entered Level 5 of the Dungeon
  3082 | D:5      | Found a blossoming altar of Fedhas.
  3329 | D:5      | Your scales start taking on an icy white colour.
  3329 | D:5      | Reached XP level 7. HP: 61/61 MP: 7/7
  3329 | D:5      | Gained mutation: Your flesh is cold resistant. (rC+) [White
                  | Draconian growth]
  3398 | D:5      | Noticed Sigmund
  3413 | D:5      | Killed Sigmund
  3542 | D:5      | Reached skill level 1 in Evocations
  3609 | D:5      | Found a glowing golden altar of the Shining One.
  3617 | D:5      | Became a worshipper of the Shining One
  3864 | D:5      | Reached XP level 8. HP: 64/68 MP: 8/8
  3959 | D:5      | Identified the ring "Ykore" {Contam rPois Will+ Str+6
                  | Dex+2}
  4049 | D:5      | Found a staircase to the Ecumenical Temple.
  4480 | D:6      | Found an iron altar of Okawaru.
  4551 | D:6      | Found a runed translucent door.
  4560 | D:6      | Noticed kaesle's ghost (novice HORe)
  4837 | D:6      | Killed kaesle's ghost
  4838 | D:6      | Reached skill level 10 in Maces & Flails
  5010 | D:7      | Noticed Pikel
  5010 | D:7      | Reached * piety under the Shining One
  5017 | D:6      | Reached XP level 9. HP: 69/74 MP: 9/9
  5073 | D:7      | Found a runed translucent gate.
  5073 | D:7      | Found a runed translucent gate.
  5073 | D:7      | Found a runed translucent gate.
  5074 | D:7      | Found an opulent altar of Gozag.
  5074 | D:7      | Noticed a centaur warrior
  5074 | D:7      | Noticed Arunde's ghost (novice HOFi)
  5719 | D:7      | Killed Pikel
  6270 | D:8      | Noticed a deep elf pyromancer
  6270 | D:8      | Reached ** piety under the Shining One
  6278 | D:8      | Killed a deep elf pyromancer
  6287 | D:8      | Reached XP level 10. HP: 73/81 MP: 10/10
  7443 | D:4      | Killed Eustachio
  7635 | D:9      | Noticed a manticore
  7635 | D:9      | Reached *** piety under the Shining One
  7802 | D:9      | Reached skill level 5 in Evocations
  7890 | D:9      | Killed a manticore
  8186 | D:9      | Found a bloodstained altar of Trog.
  8295 | D:9      | Found a staircase to the Lair.
  8295 | D:9      | Noticed a death yak
  8331 | D:9      | Noticed a death yak
  8332 | D:9      | Reached XP level 11. HP: 95/95 MP: 11/11
  8339 | D:9      | Killed a death yak
  8346 | D:9      | Killed a death yak
  8351 | D:9      | Noticed a death yak
  8376 | D:9      | Killed a death yak
  8377 | D:9      | Reached skill level 10 in Fighting
  8420 | D:9      | Reached **** piety under the Shining One
  8590 | D:10     | Entered Level 10 of the Dungeon
  8606 | D:10     | Identified the staff of fire "Sumaisunn" {rF+ Stlth+}
  8765 | D:10     | Reached skill level 5 in Dodging
  8890 | D:10     | Found a hide-covered altar of Uskayaw.
  8955 | D:10     | Found a staircase to the Orcish Mines.
  9209 | D:10     | Found an opulent altar of Gozag.
  9285 | D:10     | Reached skill level 5 in Shields
 10080 | D:11     | Found a frozen archway.
 10104 | IceCv    | Entered an ice cave
 10290 | IceCv    | Reached ***** piety under the Shining One
 11103 | IceCv    | Reached ****** piety under the Shining One
 11103 | IceCv    | Noticed a bog body
 11103 | IceCv    | Noticed a bog body
 11112 | IceCv    | Killed a bog body
 11116 | IceCv    | Killed a bog body
 11117 | IceCv    | Reached XP level 12. HP: 96/107 MP: 12/12
 11572 | D:11     | Found a burning altar of Makhleb.
 12469 | Lair:1   | Entered Level 1 of the Lair of Beasts
 12675 | Lair:1   | Noticed a six-headed hydra
 12679 | Lair:1   | Killed a six-headed hydra
 12843 | Lair:1   | Noticed GrumpyGrim72's ghost (journeyman DrCj)
 12851 | Lair:1   | Found a runed translucent gate.
 12851 | Lair:1   | Found a runed translucent gate.
 12853 | Lair:1   | Found a runed translucent gate.
 13430 | D:7      | Killed a centaur warrior
 13441 | D:7      | Killed Arunde's ghost
 13442 | D:7      | Reached skill level 10 in Dodging
 13564 | Lair:2   | Found a gate leading to a gauntlet.
 13655 | Lair:2   | Noticed Harold
 13663 | Lair:2   | Killed Harold
 13697 | Lair:2   | Reached XP level 13. HP: 55/116 MP: 13/13
 13746 | Gauntlet | Entered a Gauntlet
 13746 | Gauntlet | Found a large runed translucent door.
 13746 | Gauntlet | Found a large runed translucent door.
 13746 | Gauntlet | Found a large runed translucent door.
 13746 | Gauntlet | Found a large runed translucent door.
 13746 | Gauntlet | Found a large runed translucent door.
 13746 | Gauntlet | Found a large runed translucent door.
 13746 | Gauntlet | Found a large runed translucent door.
 13746 | Gauntlet | Found a large runed translucent door.
 13746 | Gauntlet | Found a runed translucent door.
 13746 | Gauntlet | Found a runed translucent gate.
 13746 | Gauntlet | Found a transporter.
 13746 | Gauntlet | Found a transporter.
 13746 | Gauntlet | Found a runed translucent gate.
 13746 | Gauntlet | Found a transporter.
 13755 | Gauntlet | Found a transporter.
 13769 | Gauntlet | Found a transporter.
 13784 | Gauntlet | Found a transporter.
 13799 | Gauntlet | Found a transporter.
 13809 | Gauntlet | Found a transporter.
 13817 | Gauntlet | Found a transporter.
 13834 | Gauntlet | Found a transporter.
 13838 | Gauntlet | Found a transporter.
 13867 | Gauntlet | Found a runed translucent gate.
 13868 | Gauntlet | Found a large runed translucent door.
 13868 | Gauntlet | Found a large runed translucent door.
 13869 | Gauntlet | Found a large runed translucent door.
 13870 | Gauntlet | Found a large runed translucent door.
 13875 | Gauntlet | Found a large runed translucent door.
 13875 | Gauntlet | Found a large runed translucent door.
 13875 | Gauntlet | Found a runed translucent door.
 13876 | Gauntlet | Found a large runed translucent door.
 13877 | Gauntlet | Found a large runed translucent door.
 13904 | Gauntlet | Found a transporter.
 14058 | Gauntlet | Gained mutation: You occasionally lose the ability to drink
                  | potions when taking damage. [a neqoxec]
 14070 | Gauntlet | Identified the +1 pair of gloves "Xaablog" {rPois rC+
                  | Will+}
 14128 | Gauntlet | Identified the amulet "Ehon" {Faith Str-5 Int+5 SInv}
 14179 | Gauntlet | Identified the +0 plate armour of Niarakes {Int+4}
 14200 | Gauntlet | Noticed a minotaur
 14210 | Gauntlet | Killed a minotaur
 14237 | Lair:2   | Found a transporter.
 14239 | Lair:2   | Noticed Wiggles's ghost (journeyman MiBe)
 14245 | Lair:2   | Found a transporter.
 14299 | Lair:2   | Killed Wiggles's ghost
 14856 | Lair:2   | Noticed Erica
 14866 | Lair:2   | Killed Erica
 15111 | Lair:2   | Found a staircase to the Swamp.
 16191 | Lair:3   | Reached skill level 15 in Fighting
 16448 | Lair:3   | Found a hole to the Spider Nest.
 17256 | Lair:4   | Identified the +0 plate armour of the Invisible Hand
                  | {+Blink Str-4 Int+4}
 17557 | Lair:4   | Identified the +1 leather armour "Xor Geph" {rF- Will+++
                  | Str-2 Int+4}
 17950 | Lair:5   | Entered Level 5 of the Lair of Beasts
 18132 | Lair:4   | Reached XP level 14. HP: 115/135 MP: 14/14
 18991 | Lair:5   | Reached skill level 10 in Shields
 19467 | Lair:5   | Found a staircase to the Slime Pits.
 19472 | Lair:5   | Found a viscous altar of Jiyva.
 20697 | Lair:1   | Reached skill level 1 in Invocations
 20722 | Lair:1   | Killed GrumpyGrim72's ghost
 20859 | D:12     | Noticed Lodul
 21232 | D:12     | Killed Lodul
 21513 | D:12     | Reached skill level 5 in Invocations
 21641 | D:12     | Noticed Rupert
 21659 | D:12     | Killed Rupert
 22193 | D:13     | Reached XP level 15. HP: 141/141 MP: 19/19
 22357 | D:13     | Noticed Rem's ghost (journeyman OpTm)
 22375 | D:13     | Found a runed translucent gate.
 22375 | D:13     | Found a runed translucent gate.
 22375 | D:13     | Found a runed translucent gate.
 22378 | D:13     | Noticed Erolcha
 22388 | D:13     | Killed Erolcha
 22725 | D:13     | Identified the +0 trident of the Uplifting Gods {flame,
                  | Drain rElec rC+ Dex+4}
 23343 | D:13     | Identified the +1 battleaxe "Genk" {flame, rC+ Will- Str+2
                  | SInv}
 23393 | D:13     | Killed Rem's ghost
 23935 | D:14     | Reached skill level 10 in Invocations
 24736 | D:14     | Found a gate to the Vaults.
 25251 | D:14     | Noticed a tengu reaver
 25262 | D:14     | Killed a tengu reaver
 25742 | D:15     | Entered Level 15 of the Dungeon
 25924 | D:15     | Noticed a fire giant
 25925 | D:15     | Noticed a tengu reaver
 25925 | D:15     | Noticed Kiedyfinla's ghost (journeyman SpEn)
 25927 | D:15     | Found a transporter.
 25927 | D:15     | Noticed a frost giant
 26021 | D:15     | Reached skill level 15 in Maces & Flails
 26073 | D:15     | Found a transporter.
 26671 | D:15     | Reached XP level 16. HP: 56/151 MP: 16/25
 27215 | D:15     | Found a portal to a secret trove of treasure.
 27863 | D:15     | Found a staircase to the Depths.
 28132 | D:15     | You paid a toll of +3 ice dragon scales to enter a treasure
                  | trove
 28133 | Trove    | Entered a treasure trove
 28159 | Trove    | Identified the staff of earth "Suhez" {Will+ rCorr Int+2}
 28393 | Orc:1    | Entered Level 1 of the Orcish Mines
 28469 | Orc:1    | Found Ituqafeh's Incredible Inventory.
 28528 | Orc:1    | Bought a manual of Invocations for 800 gold pieces
 28528 | Orc:1    | Bought a wand of iceblast (3) for 72 gold pieces
 28528 | Orc:1    | Bought a scroll of identify for 20 gold pieces
 28732 | Orc:2    | Entered Level 2 of the Orcish Mines
 28732 | Orc:2    | Found a staircase to the Elven Halls.
 28737 | Orc:2    | Noticed Maurice
 28784 | Orc:1    | Killed Maurice
 29363 | Orc:1    | Reached skill level 10 in Evocations
 30008 | Orc:2    | Found Liwn's General Store.
 30014 | Orc:2    | Found Haf Nol's Magic Scroll Emporium.
 30064 | Orc:2    | Found Retra's Antique Armour Shop.
 30072 | Orc:2    | Noticed Nessos
 30088 | Orc:2    | Killed Nessos
 30101 | Orc:2    | Found Rueklaecs's Assorted Antiques.
 30112 | Orc:2    | Bought a scroll of poison for 88 gold pieces
 30117 | Orc:2    | Bought a scroll of summoning for 104 gold pieces
 30117 | Orc:2    | Bought a scroll of blinking for 82 gold pieces
 30117 | Orc:2    | Bought a scroll of fog for 44 gold pieces
 30117 | Orc:2    | Bought a scroll of fog for 44 gold pieces
 30117 | Orc:2    | Bought a scroll of identify for 22 gold pieces
 30117 | Orc:2    | Bought a scroll of identify for 22 gold pieces
 30117 | Orc:2    | Bought a scroll of identify for 22 gold pieces
 30422 | Orc:2    | Bought a scroll of fog for 48 gold pieces
 30422 | Orc:2    | Bought a +2 pair of boots of stealth for 258 gold pieces
 30720 | Swamp:1  | Entered Level 1 of the Swamp
 32281 | Swamp:2  | Noticed Nikola
 32297 | Swamp:2  | Killed Nikola
 33251 | Swamp:2  | Reached XP level 17. HP: 152/158 MP: 26/26
 33990 | Swamp:3  | Reached skill level 15 in Dodging
 34335 | Swamp:4  | Entered Level 4 of the Swamp
 34478 | Swamp:4  | Noticed a tentacled monstrosity
 34488 | Swamp:4  | Killed a tentacled monstrosity
 34496 | Swamp:4  | Noticed Donald
 34508 | Swamp:4  | Killed Donald
 35462 | Swamp:4  | Got a decaying rune of Zot
 35624 | Spider:1 | Entered Level 1 of the Spider Nest
 36401 | Spider:1 | Found a runed translucent door.
 36582 | Spider:1 | Reached skill level 15 in Invocations
 36801 | Spider:1 | Identified the +0 ring mail "Vumiff" {Str+2}
 38649 | Spider:3 | Reached XP level 18. HP: 153/166 MP: 31/31
 38932 | Spider:4 | Entered Level 4 of the Spider Nest
 40745 | Spider:4 | Identified the scarf of Kikubaaqudgha {shadows, rElec
                  | rPois}
 40842 | Spider:4 | Got a gossamer rune of Zot
 41506 | D:15     | Killed Kiedyfinla's ghost
 41750 | Vaults:1 | Entered Level 1 of the Vaults
 42317 | Vaults:1 | Reached skill level 15 in Shields
 42583 | Vaults:1 | Reached XP level 19. HP: 172/172 MP: 32/32
 42692 | Vaults:1 | Found Tudghe's Jewellery Shoppe.
 42705 | Vaults:1 | Bought an amulet of reflection for 390 gold pieces
 44399 | Vaults:2 | Identified the +8 tower shield of Okawaru's Fury {Str-2
                  | Int+3 Slay+2}
 45690 | Vaults:2 | Noticed Jory
 45702 | Vaults:2 | Killed Jory
 46278 | Vaults:3 | Identified a +4 sacred scourge of holy wrath (a +2 demon
                  | whip of electrocution blessed by the Shining One)
 46278 | Vaults:3 | Received a gift from the Shining One
 46358 | Vaults:3 | Found Qetex's Assorted Antiques.
 46365 | Vaults:3 | Reached XP level 20. HP: 165/180 MP: 34/34
 47168 | Vaults:3 | Found a staircase to the Crypt.
 47637 | Vaults:3 | Identified the +0 tower shield "Ustrip" {rCorr Str+2}
 48205 | Vaults:3 | Identified the +3 arbalest of Amortisation {heavy, Fly
                  | rPois rF- rC+}
 48491 | Crypt:1  | Entered Level 1 of the Crypt
 48970 | Crypt:1  | Identified the +0 robe of the Queens {Regen+ SInv}
 49294 | Crypt:2  | Noticed Frederick
 49452 | Crypt:2  | Reached XP level 21. HP: 123/201 MP: 29/35
 49825 | Crypt:2  | Found a transporter.
 49830 | Crypt:2  | Found a shimmering blue altar of Sif Muna.
 49830 | Crypt:2  | Noticed Vv
 49831 | Crypt:2  | Noticed a dread lich
 49903 | Crypt:2  | Killed Frederick
 50376 | Crypt:3  | Entered Level 3 of the Crypt
 50606 | Crypt:3  | Found a basalt altar of Yredelemnul.
 50791 | Crypt:3  | Identified the +3 mace "Paenlite" {venom, Fragile +Blink
                  | rElec Int+2}
 50989 | Crypt:3  | Got the Collected Works on Haze and Congelation
 51442 | Crypt:3  | Found a staircase to the Tomb.
 51509 | Crypt:3  | Noticed a dread lich
 51519 | Crypt:3  | Killed a dread lich
 52696 | Vaults:4 | Noticed Margery
 52705 | Vaults:4 | Killed Margery
 52714 | Vaults:4 | Reached XP level 22. HP: 104/209 MP: 28/36
 53283 | Vaults:4 | Identified the +0 pair of boots of Cloud Cover {Int+4}
 54166 | Elf:1    | Entered Level 1 of the Elven Halls
 54166 | Elf:1    | Found a runed translucent gate.
 54166 | Elf:1    | Found a runed translucent gate.
 54166 | Elf:1    | Found a runed translucent gate.
 54166 | Elf:1    | Found a runed translucent gate.
 54166 | Elf:1    | Found a runed translucent gate.
 54166 | Elf:1    | Found a runed translucent gate.
 54185 | Elf:1    | Found a runed translucent door.
 54201 | Elf:1    | Found a runed translucent door.
 54441 | Elf:1    | You fall into a shaft and drop 1 floor!
 54455 | Elf:2    | Found a runed translucent gate.
 54455 | Elf:2    | Found a runed translucent gate.
 54455 | Elf:2    | Found a runed translucent gate.
 54930 | Elf:1    | Found a gateway to a bazaar.
 54952 | Bazaar   | Entered a bazaar
 54955 | Bazaar   | Found Kuj Ryic's Weapon Emporium.
 54992 | Bazaar   | Found Xenkyc's Distillery.
 54999 | Bazaar   | Found Virasod's Weapon Shoppe.
 55006 | Bazaar   | Found Ligoanuu's Magic Scroll Shop.
 55014 | Bazaar   | Bought a scroll of silence for 171 gold pieces
 55015 | Bazaar   | Bought a scroll of magic mapping for 135 gold pieces
 55015 | Bazaar   | Bought a scroll of fog for 72 gold pieces
 55015 | Bazaar   | Bought a scroll of fog for 72 gold pieces
 55015 | Bazaar   | Bought a scroll of teleportation for 54 gold pieces
 55015 | Bazaar   | Bought a scroll of teleportation for 54 gold pieces
 55028 | Bazaar   | Bought a potion of curing for 48 gold pieces
 55028 | Bazaar   | Bought a potion of cancellation for 128 gold pieces
 55028 | Bazaar   | Bought a potion of curing for 48 gold pieces
 55028 | Bazaar   | Bought a potion of heal wounds for 80 gold pieces
 55028 | Bazaar   | Bought a potion of heal wounds for 80 gold pieces
 55028 | Bazaar   | Bought a potion of heal wounds for 80 gold pieces
 55275 | Elf:1    | Identified the +11 broad axe "Zompix" {antimagic, rElec}
 56770 | Elf:3    | Entered Level 3 of the Elven Halls
 56814 | Elf:3    | Identified the +6 trident "Guevukke" {drain, Drain Dex+3
                  | SInv Stlth+}
 57472 | Elf:3    | Found Guj Neog's Distillery.
 57504 | Elf:3    | Bought a potion of flight for 51 gold pieces
 57504 | Elf:3    | Bought a potion of curing for 51 gold pieces
 57504 | Elf:3    | Bought a potion of curing for 51 gold pieces
 57835 | Elf:3    | Found a runed translucent door.
 57835 | Elf:3    | Noticed Zeor's ghost (adept MiBe)
 58070 | Elf:3    | Identified the amulet "Nisubip" {Spirit Str+3}
 58099 | Elf:3    | Identified the +8 halberd "Daosmiq" {freeze, rPois rC+
                  | Will+}
 58099 | Elf:3    | Identified the ring "Erghiosma" {rElec rF+ rC- rN+ SInv}
 58128 | Elf:3    | Reached XP level 23. HP: 215/215 MP: 39/39
 58257 | Elf:3    | Identified the +7 spear "Ogre's Demise" {holy, rF++ Will-
                  | Dex+3}
 58325 | Elf:3    | Identified the amulet "Osoasmil" {Reflect Harm SH+5}
 58410 | Elf:3    | Identified the staff of earth "Ylip" {Will+ Dex+2}
 58426 | Elf:3    | Got the Octavo of the Whammy and Allies
 58545 | Elf:3    | Killed Zeor's ghost
 59325 | Crypt:2  | Killed Vv
 59355 | Crypt:2  | Killed a dread lich
 59368 | Crypt:2  | Found a transporter.
 59460 | Crypt:2  | Identified the +1 cloak of the Sunfish {Int+3}
 59788 | Depths:1 | Entered Level 1 of the Depths
 60445 | Depths:1 | Found Lugauvu's Antique Weapon Shop.
 60447 | Depths:1 | Found Mablunn's Weapon Boutique.
 60449 | Depths:1 | Found Wirch's Armour Shop.
 60832 | Depths:1 | Found a hide-covered altar of Uskayaw.
 61031 | Depths:1 | Found a one-way gate leading to the halls of Pandemonium.
 61147 | Depths:1 | Reached skill level 27 in Invocations
 61406 | Depths:1 | Found a gateway to Hell.
 62436 | Depths:2 | Found a runed translucent door.
 62437 | Depths:2 | Noticed turdburglar's ghost (veteran VSFi)
 62466 | Depths:2 | Killed turdburglar's ghost
 62980 | Depths:2 | Noticed a caustic shrike
 62990 | Depths:2 | Killed a caustic shrike
 63624 | Depths:3 | Reached XP level 24. HP: 151/224 MP: 35/40
 64230 | Depths:3 | Found a one-way gate to the infinite horrors of the Abyss.
 64505 | Depths:3 | Identified the amulet of Lyowk {RegenMP Drain Str+4 Int+2}
 65624 | Depths:4 | Entered Level 4 of the Depths
 65836 | Depths:4 | Noticed Louise
 65872 | Depths:4 | Killed Louise
 65907 | Depths:4 | Noticed a juggernaut
 65938 | Depths:4 | Killed a juggernaut
 66002 | Depths:4 | Found a one-way gateway to a ziggurat.
 66029 | Depths:4 | Found a flickering gateway to a bazaar.
 66046 | Bazaar   | Entered a bazaar
 66046 | Bazaar   | Found Hon Uguw's Jewellery Shop.
 66046 | Bazaar   | Found Zeyran's Assorted Antiques.
 66046 | Bazaar   | Found Maawap's Jewellery Shop.
 66046 | Bazaar   | Found Wovear's Weapon Shoppe.
 66111 | Bazaar   | Found Tynacem's Magic Scroll Boutique.
 66111 | Bazaar   | Found Huumacyosch's Book Shoppe.
 66119 | Bazaar   | Bought a scroll of summoning for 76 gold pieces
 66119 | Bazaar   | Bought a scroll of magic mapping for 60 gold pieces
 66119 | Bazaar   | Bought a scroll of teleportation for 24 gold pieces
 66119 | Bazaar   | Bought a scroll of teleportation for 24 gold pieces
 66119 | Bazaar   | Bought a scroll of fog for 32 gold pieces
 66130 | Bazaar   | Bought a potion of heal wounds for 100 gold pieces
 66130 | Bazaar   | Bought a potion of resistance for 200 gold pieces
 66130 | Bazaar   | Bought a scroll of enchant armour for 150 gold pieces
 66136 | Bazaar   | Bought a scroll of teleportation for 24 gold pieces
 66136 | Bazaar   | Bought 2 scrolls of enchant weapon for 120 gold pieces
 66591 | Depths:4 | Found Cibaoreo's Jewellery Shop.
 66591 | Depths:4 | Found Weeroh's Book Emporium.
 66592 | Depths:4 | Found Aghuhidd's Book Emporium.
 66685 | Depths:4 | Found a gate to the Realm of Zot.
 66783 | Depths:4 | Found Pabucai's Weapon Emporium.
 67071 | Depths:4 | Noticed a dread lich
 67086 | Depths:4 | Killed a dread lich
 67161 | Depths:4 | Got the Spellbook of Exothermic Anathema
 67782 | Vaults:5 | Entered Level 5 of the Vaults
 68171 | Vaults:4 | Reached XP level 25. HP: 214/245 MP: 40/40
 68330 | Vaults:5 | Identified the +8 glaive of Imbalance {heavy, Str+6 Int+3}
 68399 | Vaults:5 | Noticed an ancient lich
 68409 | Vaults:5 | Killed an ancient lich
 68511 | Vaults:5 | Got a silver rune of Zot
 68535 | Vaults:5 | Identified the +1 scale mail "Hydeogudgh" {Will+}
 68767 | Vaults:5 | Identified the +3 long sword of Anxiety {drain, Int+3}
 69261 | Vaults:5 | Noticed an ancient lich
 69268 | Vaults:5 | Killed an ancient lich
 69271 | Vaults:5 | Noticed a dread lich
 69292 | Vaults:5 | Killed a dread lich
 69575 | Vaults:5 | Noticed an ancient lich
 69581 | Vaults:5 | Killed an ancient lich
 70802 | Zot:1    | Entered Level 1 of the Realm of Zot
 71184 | Zot:1    | Reached skill level 27 in Fighting
 72812 | Zot:2    | Noticed a Killer Klown
 72835 | Zot:2    | Killed a Killer Klown
 72836 | Zot:2    | Reached XP level 26. HP: 212/266 MP: 35/40
 74884 | Zot:3    | Noticed a dread lich
 74892 | Zot:3    | Noticed an ancient lich
 74895 | Zot:3    | Killed a dread lich
 74898 | Zot:3    | Identified the +1 tower shield of Poofaseo {*Slow rElec
                  | rN++ SInv}
 74903 | Zot:3    | Killed an ancient lich
 75796 | Zot:3    | Noticed a dread lich
 75804 | Zot:3    | Killed a dread lich
 75830 | Zot:3    | Got Sif Muna's Excursus on Reshaped Bringing Forth
 77809 | Zot:4    | Identified the staff of cold "Qoefos" {rC+ Dex+3 SInv}
 77809 | Zot:4    | Identified the ring of Sloth {Ice *Slow rPois SInv}
 77809 | Zot:4    | Noticed Josephina
 77818 | Zot:4    | Killed Josephina
 78198 | Zot:5    | Entered Level 5 of the Realm of Zot
 78198 | Zot:5    | Noticed an orb of fire
 78203 | Zot:4    | Gained mutation: You have a pair of small horns on your
                  | head. [an orb of fire]
 78209 | Zot:4    | Killed an orb of fire
 78642 | Zot:5    | Reached XP level 27. HP: 273/273 MP: 21/40
 78916 | Zot:5    | Noticed an orb of fire
 78936 | Zot:5    | Killed an orb of fire
 78937 | Zot:5    | Noticed an orb of fire
 78938 | Zot:5    | Gained mutation: Your body sometimes deteriorates upon
                  | taking damage. [an orb of fire]
 78949 | Zot:5    | Killed an orb of fire
 78953 | Zot:5    | Noticed a dread lich
 78958 | Zot:5    | Killed a dread lich
 79051 | Zot:5    | Noticed a dread lich
 79061 | Zot:5    | Killed a dread lich
 79321 | Zot:5    | Noticed a dread lich
 79342 | Zot:5    | Killed a dread lich
 79353 | Zot:5    | Noticed an orb of fire
 79431 | Zot:5    | Killed an orb of fire
 79572 | Zot:5    | Noticed an ancient lich
 79664 | Zot:5    | Noticed an orb of fire
 79672 | Zot:5    | Gained mutation: You are occasionally teleported next to
                  | monsters. [an orb of fire]
 79674 | Zot:5    | Gained mutation: You do not regenerate when monsters are
                  | visible. [an orb of fire]
 79675 | Zot:5    | Killed an orb of fire
 79684 | Zot:5    | Killed an ancient lich
 79710 | Zot:5    | Noticed an orb of fire
 79710 | Zot:5    | Gained mutation: Your spells are a little easier to cast,
                  | but a little less powerful. [an orb of fire]
 79715 | Zot:5    | Noticed an ancient lich
 79716 | Zot:5    | Gained mutation: Potions are less effective at restoring
                  | your health. [an orb of fire]
 79728 | Zot:5    | Killed an orb of fire
 79732 | Zot:5    | Killed an ancient lich
 79734 | Zot:5    | Lost mutation: Your spells are a little easier to cast, but
                  | a little less powerful. [potion of mutation]
 79734 | Zot:5    | Lost mutation: Your body sometimes deteriorates upon taking
                  | damage. [potion of mutation]
 79734 | Zot:5    | Gained mutation: You are dopey. (Int -2) [potion of
                  | mutation]
 79735 | Zot:5    | Lost mutation: You are dopey. (Int -2) [potion of mutation]
 79735 | Zot:5    | Lost mutation: You are occasionally teleported next to
                  | monsters. [potion of mutation]
 79735 | Zot:5    | Gained mutation: You are dopey. (Int -2) [potion of
                  | mutation]
 79735 | Zot:5    | Gained mutation: You occasionally lose the ability to read
                  | scrolls when taking damage. [potion of mutation]
 79736 | Zot:5    | Lost mutation: You occasionally lose the ability to read
                  | scrolls when taking damage. [potion of mutation]
 79736 | Zot:5    | Lost mutation: You do not regenerate when monsters are
                  | visible. [potion of mutation]
 79736 | Zot:5    | Gained mutation: Your flesh is very cold resistant. (rC++)
                  | [potion of mutation]
 79736 | Zot:5    | Gained mutation: You have a pair of horns on your head.
                  | [potion of mutation]
 80328 | Zot:5    | Got the Orb of Zot
 80448 | Zot:1    | Noticed a seraph
 80497 | Depths:2 | Noticed Ammid the pandemonium lord
 80500 | Depths:2 | Killed Ammid the pandemonium lord
 80828 | D:$      | Escaped with the Orb!

Illustrated notes

Levels and vault maps discovered:
D:1:      onia_arrival_zoo_common, layout_basic,
          hellmonk_ecumenical_altar_arch_garden, chequers_jeans
D:2:      minmay_recursive_quarters, layout_basic, basic_altar,
          skrybe_limestone_x, nicolae_kite_square_tiling_tiny
D:3:      cheibrodos_old_hovel, layout_rooms
D:4:      minmay_chambers_of_fours, layout_rooms,
          lemuel_zombie_altar_yredelemnul, kennysheep_little_box,
          dreamdust_gnoll_farm, uniq_eustachio
D:5:      minmay_evil_eye, layout_basic, mainiacjoe_overflow_cross_hatched,
          nicolae_tso_carved_into_rock, temple_hall, fountainhead, uniq_sigmund
D:6:      layout_basic, okawaru_altar_gauntlet_db,
          hellmonk_ghost_happy_afterlife
D:7:      layout_basic, ebering_ghost_gozag, minmay_diced_spiral, uniq_pikel
D:8:      layout_loops_ring, grunt_ministairs_10
D:9:      layout_long_grid, trog_antimagical, dpeg_lair_monsters
D:10:     layout_loops_corners, mainiacjoe_overflow_boulevard,
          overflow_temple_1_default, minmay_orc_entry_temple_small, worms_lemuel
D:11:     layout_roguey, special_room [special_room_bee],
          portal_ice_cave_demonic_guard, minivault_25, fountainhead,
          st_stairs_11, bloody_makhleb
D:12:     layout_roguey [special_room_orc], uniq_rupert, uniq_lodul
D:13:     layout_basic, maelrawn_ghost_gauntlet_escape, uniq_erolcha
D:14:     kennysheep_four_of_diamonds, layout_loops_corners, david_vaults_5
D:15:     grunt_enter_depths_hoard, layout_loops_corners,
          trove_entry_hex_spiral, serial_ice, serial_ice_k, serial_ice_c,
          serial_ice_e, serial_ice_b, minmay_misc_feat_enclosed,
          gammafunk_ghost_arena, eino_small_chamber_without_monster,
          minmay_misc_feat_five, minivault_16
Lair:1:   layout_big_grid, gammafunk_ghost_split,
          chequers_serial_rivers_micro_d, pdpol_lair_cavern_descent
Lair:2:   layout_cave_pods, skrybe_swamp_entry_bodies, gauntlet_entry_generic,
          gammafunk_ghost_arena, special_room, uniq_erica, uniq_harold
Lair:3:   layout_layer_cave, spider_nest_entry_a, nicolae_quartered_pool_medium,
          chequers_serial_rivers_micro_d, grunt_megastairs_5
Lair:4:   layout_gridlike, chequers_serial_rivers_small_3, serial_bayou_shore_b
Lair:5:   minmay_lair_end_enchanted_forest, layout_regular_city, slime_entry_1,
          grunt_megastairs_3
Swamp:1:  layout_basic_swamp, evilmike_swamp_ruin_house_3,
          infiniplex_staircase_pool
Swamp:2:  layout_basic_swamp, evilmike_swamp_ruin_rubble_1, swamp_pool5,
          uniq_nikola
Swamp:3:  nicolae_swamp_tree_isthmus, layout_falls_marsh,
          nicolae_swamp_some_circles, nicolae_swamp_catching_bugs
Swamp:4:  swamp_icy, layout_basic_swamp, swamp_pool3, uniq_donald
Spider:1: cheibrodos_spider_deadly_dance
Spider:2: layout_cave_pods
Spider:3: layout_spider_delve
Spider:4: guppyfry_spider_rune, hangedman_stitches_earthworm
Orc:1:    layout_diamond_mine, nicolae_alphabet_shops, minmay_orc_keep
Orc:2:    st_orc_open, layout_caves, uniq_nessos, uniq_maurice
Elf:1:    nicolae_elf_arrival_dilemma, layout_gridlike, serial_shops,
          statue_bzr, serial_glass, glass_columns_a, glass_columns_b,
          minivault_28, minivault_16, nicolae_elf_deep_mausoleum,
          grunt_megastairs_2
Elf:2:    elven_hall_of_blades_hangedman_original
          [infiniplex_blade_entry_pillars], layout_gridlike,
          serial_corexii_hall, corexii_hall_statues_t, corexii_hall_statues_i,
          small_chamber_with_monster
Elf:3:    minmay_elf_hall_curves, layout_loops_corners, serial_shops,
          nicolae_shop_window_shopping, serial_glass, glass_columns_b,
          glass_columns_b, ebering_ghost_inner_flame
Vaults:1: v_misc_3, ontoclasm_vaults_fault, v_pattern_4, vaults_mumra_chevron,
          nicolae_vaults_windows_and_doors_thing,
          nicolae_vaults_surprise_closet, vaults_room_semicircle,
          vaults_dpeg_ring, layout_vaults_omnigrid, serial_shops,
          nicolae_shop_pleasant_corner_grove
Vaults:2: v_pattern_3, v_misc_24, nicolae_vaults_corridor_and_loot_room,
          hangedman_vaults_stretched_pinwheel, nicolae_vaults_triangles,
          nicolae_vaults_theta, nicolae_vaults_trapezoid_lopsided_2,
          ontoclasm_vaults_eye, nicolae_vaults_shelves_hall, vaults_dpeg_spiral,
          ontoclasm_vaults_ligature, nicolae_vaults_diagonal_hallway_8,
          nicolae_vaults_layer_cake_slice, nicolae_vaults_tetromino_L_1,
          layout_vaults_omnibox, uniq_jory
Vaults:3: vaults_room_mumra_shop_pool, nicolae_vaults_little_squares_3,
          hangedman_vaults_stitches, hangedman_vaults_nodes, v_pattern_5,
          minmay_crypt_entry_skeletal_spiral, nicolae_vaults_tetromino_T_1,
          nicolae_vaults_security_offices_2, nicolae_vaults_tetromino_L_1,
          nicolae_vaults_trapezoid_layered, hangedman_vaults_stream,
          nicolae_vaults_yaktaur_gun_rack, hangedman_vaults_locks,
          nicolae_vaults_trapezoid_layered, layout_vaults_omnicross
Vaults:4: v_rooms_5, nicolae_vaults_more_shelving_2, vaults_dpeg_hooks,
          vaults_mumra_minichess, nicolae_vaults_surprise_closet, v_rooms_4,
          ontoclasm_vaults_ring_large, vaults_room_hallway,
          nicolae_vaults_double_plus_2, nicolae_vaults_sightless_eye,
          nicolae_vaults_storage_room_doors, layout_vaults_ring, uniq_margery
Vaults:5
Crypt:1:  layout_chaotic_city, serial_sigils_hangedman_confine
Crypt:2:  gammafunk_sealed_library, layout_misc_corridors, hangedman_batty,
          lemuel_elevator, uniq_vv, uniq_frederick
Crypt:3:  church_of_pain_bobbens, layout_chaotic_city, tomb_entry_sphere_bobbens
Depths:1: layout_gridlike, minmay_misc_feat_diagonals, hell_entry,
          rand_demon_pan_entry_7, nicolae_danse_macabre, grunt_megastairs_4,
          serial_bayou_shore_a, minmay_shop_star
Depths:2: minmay_bloctagon_deflated, layout_gridlike, dk_noncrumbling_4,
          gammafunk_ghost_grave, grunt_mini_vestibule, pan_entry
Depths:3: vault_1, layout_cave_pools, hell_entry, serial_sigils_hangedman_shear,
          abyss_entry_crystal
Depths:4: evilmike_zot_entry_argh, layout_basic, enter_ziggurat_c, serial_shops,
          freezing_bzr, nicolae_shop_tiny_waterfront,
          nicolae_abyss_entry_one_way_or_another, hangedman_decor_lopped,
          hell_entry, corexii_corridor_pit, kennysheep_four_rooms,
          minmay_shop_grove
Zot:1:    lemuel_draconian_sentries, layout_cellular_growth,
          lemuel_baited_zot_trap, lemuel_golem_globe
Zot:2:    layout_basic, grunt_ministairs_2
Zot:3:    hangedman_snap_crack_crunch, layout_cathedral_of_symmetry,
          lemuel_lich_library
Zot:4:    layout_concentric_octagons, uniq_josephina
Zot:5:    layout_basic

Skill      XL: |  1  2  3  4  5  6  7  8  9 10 11 12 13 14 15 16 17 18 19 20 21 22 23 24 25 26 27 |
---------------+----------------------------------------------------------------------------------+-----
Maces & Flails | 3 4 5 6 8 10 13 14 15 16 20 21 22 | 22.0
Fighting       | 4 5 8 10 11 15 16 20 24 27 | 27.0
Evocations     | 2 5 13 14 | 14.0
Dodging        | 3 4 5 10 11 12 14 15 16 17 21 23 | 23.8
Shields        | 8 9 12 15 19 20 | 20.0
Invocations    | 6 12 18 20 21 25 27 | 27.0

Action                     |  1- 3 |  4- 6 |  7- 9 | 10-12 | 13-15 | 16-18 | 19-21 | 22-24 | 25-27 || total
---------------------------+-------+-------+-------+-------+-------+-------+-------+-------+-------++-------
  Melee: Flail             |   116 |   164 |   251 |   785 |  1627 |   977 |       |       |       ||  3920
         Tailslap          |     9 |    15 |    44 |   154 |   426 |   519 |   559 |   663 |   579 ||  2968
         Morningstar       |       |       |       |       |       |   902 |   491 |       |       ||  1393
         Sacred scourge    |       |       |       |       |       |       |  1302 |  2129 |  1796 ||  5227
         Headbutt          |       |       |       |       |       |       |       |       |   216 ||   216
  Throw: Dart              |     2 |     8 |     2 |     3 |     3 |       |       |       |       ||    18
 Invoke: Cleansing Flame   |       |       |       |       |     6 |    13 |    22 |    32 |    37 ||   110
         Summon Divine War |       |       |       |       |     4 |    11 |     9 |     5 |     4 ||    33
         Divine Shield     |       |       |       |       |     1 |     2 |     3 |     4 |       ||    10
         Brand Weapon With |       |       |       |       |       |       |     1 |       |       ||     1
Ability: Breathe Frost     |       |       |    19 |    20 |    43 |     7 |       |       |       ||    89
  Evoke: Wand              |       |     4 |     3 |    21 |    25 |    72 |    12 |     8 |    15 ||   160
         Condenser vane    |       |       |       |       |       |     3 |       |     1 |     2 ||     6
         Box of beasts     |       |       |       |       |       |     2 |     1 |       |       ||     3
         Phantom mirror    |       |       |       |       |       |     1 |     1 |     1 |       ||     3
         Lightning rod     |       |       |       |       |       |       |     4 |     6 |     3 ||    13
         Phial of floods   |       |       |       |       |       |       |     2 |       |     1 ||     3
    Use: Scroll            |       |     5 |       |    10 |    17 |    15 |    12 |    19 |     5 ||    83
         Potion            |       |     2 |     3 |     3 |     9 |     8 |     2 |     5 |    26 ||    58
   Stab: Sleeping          |     2 |     4 |       |       |       |       |       |       |       ||     6
 Armour: Skin              |    36 |    60 |    53 |   175 |   300 |   456 |   187 |   213 |   124 ||  1604
  Dodge: Dodged            |    55 |    83 |    91 |   317 |   662 |  1238 |   583 |   620 |   427 ||  4076
  Block: Buckler           |    24 |    26 |    45 |    36 |       |       |       |       |       ||   131
         Kite shield       |       |       |       |   229 |   834 |  1214 |  1070 |   951 |       ||  4298
         Reflection        |       |       |       |       |       |       |    32 |    53 |    45 ||   130
         Tower shield      |       |       |       |       |       |       |       |   300 |  1450 ||  1750
